 Dungeon Crawl Stone Soup version 0.26-a0-800-g517d6fe721 (webtiles) character file.

Game seed: 12577413337391036706

6802 EnegeticOcto the Grappler (level 11, -3/85 HPs)
             Began as a Ghoul Warper on Nov 11, 2020.
             Was a Priest of Ru.
             Slain by a bone dragon (17 damage)
             ... on level 2 of the Abyss.
             The game lasted 00:29:09 (3403 turns).

EnegeticOcto the Grappler (Ghoul Warper)            Turns: 3403, Time: 00:29:10

Health: -3/85      AC:  4    Str: 16    XL:     11   Next: 5%
Magic:  12/12      EV:  8    Int: 11    God:    Ru [***...]
Gold:   596        SH:  5    Dex:  8    Spells: 6/13 levels left

rFire    . . .     SeeInvis .     - Unarmed
rCold    + . .     Faith    .   (no shield)
rNeg     + + +     Spirit   .   t - +0 troll leather armour
rPois    ∞         Reflect  +   (no helmet)
rElec    .         Harm     .   (no cloak)
rCorr    .         Rampage  .   (no gloves)
MR       .....                  (no boots)
Stlth    +.........             g - amulet of reflection
HPRegen  0.00/turn              p - -4 ring of evasion (curse)
MPRegen  0.13/turn              (no ring)

@: lightly drained
A: rotting body, claws 1, cold resistance 1, frail 1, negative energy resistance
3, inhibited regeneration, torment resistance, unbreathing, unskilled 1
a: Draw Out Power, Renounce Religion


You were on level 2 of the Abyss.
You worshipped Ru.
Ru was most pleased with you.
You visited 2 branches of the dungeon, and saw 12 of its levels.
You visited the Abyss 1 time.

You collected 596 gold pieces.

Inventory:

Hand Weapons
 b - a +0 scythe of flaming
   (You found it on level 9 of the Dungeon)
 r - a +1 battleaxe of freezing
   (You took it off an orc on level 3 of the Dungeon)
Missiles
 d - 3 throwing nets {!f}
 l - 7 boomerangs (quivered)
 q - 3 curare-tipped darts
Armour
 m - a +1 chain mail
   (You took it off Harold on level 7 of the Dungeon)
 t - a +0 troll leather armour (worn)
   (You found it on level 10 of the Dungeon)
Jewellery
 g - an amulet of reflection (around neck)
   (You found it on level 3 of the Dungeon)
 p - a cursed -4 ring of evasion (left claw)
   (You found it on level 8 of the Dungeon)
Wands
 o - a wand of acid (4) {@v1}
   (You found it on level 10 of the Dungeon)
 u - a wand of flame (16) {@v4}
   (You found it on level 9 of the Dungeon)
Scrolls
 c - 2 scrolls of blinking {@r4}
 e - 2 scrolls of identify {@r1}
 i - 5 scrolls of amnesia
Potions
 a - a potion of resistance
 f - 4 potions of curing {@q1 !q}
 h - a potion of might {@q3 !q}
 j - 2 potions of ambrosia
 k - a potion of flight
 n - 2 potions of haste {@q4 !q}
 s - a potion of cancellation
 v - a potion of brilliance {unknown}


   Skills:
 + Level 8.5(8.4) Fighting
 - Level 0.7(0.6) Throwing
 + Level 3.6(3.4) Armour
 + Level 3.9(3.8) Dodging
 + Level 12.0(11.8) Unarmed Combat
 - Level 1.5(1.4) Spellcasting
 - Level 4.5(4.3) Translocations


You had 6 spell levels left.
You knew the following spells:

 Your Spells              Type           Power        Failure   Level
a - Apportation           Tloc           ##....       6%          1
b - Passage of Golubria   Tloc           N/A          52%         4
Y - Blink                 Tloc           N/A          9%          2

Your spell library contained the following spells:

 Spells                   Type           Power        Failure   Level
 Gell's Gravitas          Tloc           ##........   19%         3
 Lesser Beckoning         Tloc           ##........   19%         3
 Teleport Other           Tloc           ##......     19%         3
 Animate Skeleton         Necr           #.....       36%         1
 Corona                   Hex            #......      36%         1
 Summon Small Mammal      Summ           #...         36%         1
 Searing Ray              Conj           #.....       50%         2
 Confusing Touch          Hex            #.......     73%         3
 Inner Flame              Hex/Fire       #.......     73%         3
 Cause Fear               Hex            #.........   98%         4
 Fulminant Prism          Conj/Hex       #.........   98%         4
 Leda's Liquefaction      Hex/Erth       #.........   98%         4
 Petrify                  Tmut/Erth      #.......     98%         4
 Bolt of Magma            Conj/Fire/Erth #.........   100%        5
 Metabolic Englaciation   Hex/Ice        #.........   100%        5
 Yara's Violent Unravell  Hex/Tmut       #.........   100%        5
 Invisibility             Hex            #.......     100%        6
 Beastly Appendage        Tmut           Unusable     N/A         1
 Wereblood                Tmut           Unusable     N/A         2
 Spider Form              Tmut/Pois      Unusable     N/A         3
 Ice Form                 Ice/Tmut       Unusable     N/A         4
 Blade Hands              Tmut           Unusable     N/A         5

Dungeon Overview and Level Annotations

Branches:
Dungeon (11/15)               Orc (1/2) D:10
 Temple: D:4-7         Lair: D:8-11

Altars:
Ashenzari
Fedhas
Makhleb
Qazlal
Ru
Yredelemnul


Innate Abilities, Weirdness & Mutations

Your body is rotting away.
You thrive by killing the living.
You are immune to poison.
You have sharp fingernails.
Your flesh is cold resistant. (rC+)
You are frail. (-10% HP)
You are immune to negative energy. (rN+++)
You do not regenerate when monsters are visible.
You are immune to unholy pain and torment.
You can survive without breathing.
You are somewhat unskilled. (-1 Apt)


Message History

Apport: 20 gold pieces Yoink!
You pull the items towards yourself.
You now have 526 gold pieces (gained 58).
An orc sorcerer comes into view.
It is wielding a +0 dagger and wearing a +2 robe of magic resistance.
The orc sorcerer shouts!
The orc sorcerer gestures wildly while chanting.
The orc sorcerer hits you with a +0 dagger.
The chaos spawn gores you!
You are engulfed in flames!
The orc sorcerer begins to cast a spell, but is stunned by your will!
You claw the chaos spawn! Your claw misses the chaos spawn.
The chaos spawn is heavily wounded.
You barely miss the chaos spawn.
The chaos spawn is heavily wounded.
The chaos spawn gores you!
You are cast into the Abyss!
To return, you must find a gate leading back.
Killing monsters will force the Abyss to allow you passage.
This branch contains the abyssal rune of Zot.
Found 2 potions of curing and a hand axe.
Unknown command.
f - 4 potions of curing {@q1 !q} (gained 2)
Found 17 gold pieces.
You now have 543 gold pieces (gained 17).
Found a leatherbound book.
Casting: Apportation (safe; 7% risk of failure)
Confirm with . or Enter, or press ? or * to list all spells.
Aiming: Apportation (safe; 7% risk of failure)
Press: ? - help, Dir - move target cursor Apport: a leatherbound book Yoink!
You pull the item towards yourself.
You see here a book of Misfortune.
You pick up a book of Misfortune and begin reading...
You add the spells Confusing Touch, Petrify, Metabolic Englaciation and Yara's Violent Unravelling to your library.
Found 53 gold pieces.
Casting: Apportation (safe; 7% risk of failure)
Confirm with . or Enter, or press ? or * to list all spells.
Aiming: Apportation (safe; 7% risk of failure)
Press: ? - help, Dir - move target cursor Apport: 35 gold pieces Yoink!
You pull the items towards yourself.
Casting: Apportation (safe; 7% risk of failure)
Confirm with . or Enter, or press ? or * to list all spells.
Aiming: Apportation (safe; 7% risk of failure)
Press: ? - help, Dir - move target cursor Apport: 35 gold pieces Yoink!
You pull the items towards yourself.
Casting: Apportation (safe; 7% risk of failure)
Confirm with . or Enter, or press ? or * to list all spells.
Aiming: Apportation (safe; 7% risk of failure)
Press: ? - help, Dir - move target cursor Apport: 18 gold pieces Yoink!
You pull the items towards yourself.
Casting: Apportation (safe; 7% risk of failure)
Confirm with . or Enter, or press ? or * to list all spells.
Aiming: Apportation (safe; 7% risk of failure)
Press: ? - help, Dir - move target cursor Apport: 18 gold pieces You miscast Apportation.
You are very lightly contaminated with residual magic.
Nothing appears to happen.
You now have 578 gold pieces (gained 35).
You now have 596 gold pieces (gained 18).
Found 19 stones.
An orc zombie comes into view.
Your magical contamination has completely faded away.
Found a helmet.
Found a smoky orange potion.
v - a smoky orange potion A chaos spawn and a small abomination come into view.
The chaos spawn screeches!
You hear a shout!
A bone dragon comes into view.
A white imp comes into view.
The white imp shouts!
You block the small abomination's attack.
The white imp hits you. The white imp freezes you. You resist.
The small abomination hits you!! The white imp gestures at you.
The puff of frost hits you. You resist.
You block the small abomination's attack.
The white imp begins to attack, but is stunned by your will!
You block the small abomination's attack.
You scratch the small abomination but do no damage.
The small abomination hits you but does no damage. x2
You claw the small abomination!
The small abomination is heavily damaged.
The small abomination hits you!!
You claw the small abomination!
You destroy the small abomination!
A quasit comes into view.
The quasit moves out of view.
You claw the bone dragon!
The bone dragon is lightly damaged.
You block the bone dragon's attack. The bone dragon barely misses you.
The bone dragon closely misses you.
You scratch the bone dragon.
The bone dragon is lightly damaged.
The bone dragon bites you. The bone dragon claws you!
* * * LOW HITPOINT WARNING * * *
The bone dragon tramples you!
You die...

#...#.#.#..#... # ..
. . . # .###4.##..
..#.. . . .. .#
.###.#..#.##.. . ..
# #.
...###....#..### .
#. #..#...###.....#
. . #.#...#..###.#..
.#. [ .
###.......#.#..#.###
#.#....#.4.#....# .
Z #..#....5.D@...# .
. #..#.####.#.#..#
####.. ....#.....#
####..##..#....#
#.#. .#. ..## ## .
#.# ... ### #. .. .#


You could see a bone dragon, a chaos spawn and a white imp.

Vanquished Creatures
  Harold (D:7)
  2 wizards (D:10)
  2 deep elf magi (D:10)
  An orc sorcerer (Orc:1)
  2 gargoyles
  A komodo dragon (D:10)
  A troll (D:10)
  A small abomination (Abyss:2)
  3 wargs
  A water moccasin (D:10)
  A black bear (D:9)
  2 sky beasts
  An orc warrior (Orc:1)
  2 ogres
  3 bullfrogs
  A gnoll sergeant (Orc:1)
  A water moccasin zombie (D:8)
  A scorpion (D:10)
  9 killer bees (D:7)
  3 howler monkeys (D:10)
  A bullfrog zombie (D:7)
  3 hounds
  2 jellies
  A quasit (D:9)
  5 orc priests
  A bullfrog skeleton (D:5)
  5 iguanas
  8 orc wizards
  A worker ant (D:7)
  A killer bee zombie (D:3)
  A hound skeleton (D:8)
  4 gnolls
  4 adders
  3 shadow imps
  4 white imps
  4 ufetubi
  4 worms (D:2)
  2 dart slugs
  21 orcs
  A giant cockroach (D:1)
  7 goblins
  2 hobgoblins
  2 jackals (D:2)
  3 kobolds
  2 quokkas
  6 bats
  2 frilled lizards
  8 rats
147 creatures vanquished.

Vanquished Creatures (others)
  A worker ant zombie (D:7)
1 creature vanquished.

Grand Total: 148 creatures vanquished

Notes
Turn   | Place    | Note
-------+----------+-------------------------------------------
     0 | D:1      | EnegeticOcto the Ghoul Warper began the quest for the Orb.
     0 | D:1      | Reached XP level 1. HP: 17/17 MP: 2/2
   139 | D:2      | Reached skill level 3 in Unarmed Combat
   139 | D:2      | Reached XP level 2. HP: 19/24 MP: 3/3
   198 | D:2      | Found a sacrificial altar of Ru.
   198 | D:2      | Found a burning altar of Makhleb.
   199 | D:2      | Found a faded altar of an unknown god.
   199 | D:2      | Found a broken altar of Ashenzari.
   200 | D:2      | Found a blossoming altar of Fedhas.
   202 | D:2      | Became a worshipper of Ru the Awakened
   234 | D:2      | Reached XP level 3. HP: 7/29 MP: 4/4
   243 | D:2      | Learned a level 1 spell: Apportation
   317 | D:2      | Reached skill level 4 in Unarmed Combat
   753 | D:3      | Reached XP level 4. HP: 32/36 MP: 1/5
   794 | D:3      | Reached skill level 5 in Unarmed Combat
   815 | D:3      | Reached XP level 5. HP: 17/41 MP: 6/6
  1001 | D:3      | Gained mutation: You are frail. (-10% HP) [Ru sacrifice]
  1001 | D:3      | Reached * piety under Ru
  1001 | D:3      | Reached ** piety under Ru
  1023 | D:5      | Entered Level 5 of the Dungeon
  1056 | D:5      | Reached skill level 6 in Unarmed Combat
  1078 | D:5      | Learned a level 2 spell: Blink
  1083 | D:5      | Learned a level 4 spell: Passage of Golubria
  1218 | D:6      | Reached XP level 6. HP: 19/43 MP: 3/7
  1257 | D:6      | Reached skill level 7 in Unarmed Combat
  1336 | D:6      | Noticed a sky beast
  1357 | D:6      | HP: 2/43 [something (6)]
  1384 | D:6      | Killed a sky beast
  1384 | D:6      | Reached skill level 8 in Unarmed Combat
  1384 | D:6      | Reached XP level 7. HP: 9/49 MP: 8/8
  1543 | D:7      | Reached skill level 9 in Unarmed Combat
  1634 | D:7      | Reached XP level 8. HP: 31/54 MP: 9/9
  1637 | D:7      | Reached skill level 10 in Unarmed Combat
  1638 | D:7      | Noticed Harold
  1659 | D:7      | Killed Harold
  1659 | D:7      | Reached skill level 12 in Unarmed Combat
  1659 | D:7      | Reached XP level 9. HP: 12/60 MP: 10/10
  1799 | D:7      | Reached skill level 3 in Fighting
  1799 | D:7      | Reached skill level 3 in Translocations
  1877 | D:8      | Found a basalt altar of Yredelemnul.
  1997 | D:9      | Reached skill level 4 in Fighting
  2004 | D:9      | Noticed a gargoyle
  2011 | D:9      | Killed a gargoyle
  2011 | D:9      | Reached skill level 5 in Fighting
  2139 | D:9      | Reached skill level 4 in Translocations
  2174 | D:9      | Found a stormy altar of Qazlal.
  2311 | D:10     | Entered Level 10 of the Dungeon
  2326 | D:10     | Reached skill level 6 in Fighting
  2430 | D:10     | Noticed a troll
  2436 | D:10     | Noticed a komodo dragon
  2439 | D:10     | Killed a troll
  2455 | D:10     | Killed a komodo dragon
  2455 | D:10     | Reached skill level 7 in Fighting
  2455 | D:10     | Reached XP level 10. HP: 18/77 MP: 11/11
  2596 | D:10     | Reached skill level 5 in Translocations
  2621 | D:10     | Reached skill level 8 in Fighting
  2623 | D:10     | Gained mutation: You are somewhat unskilled. (-1 Apt) [Ru
                  | sacrifice]
  2623 | D:10     | Reduced skill Fighting to level 7
  2623 | D:10     | Reduced skill Unarmed Combat to level 11
  2623 | D:10     | Reduced skill Translocations to level 4
  2623 | D:10     | Reached *** piety under Ru
  2723 | D:10     | Noticed a gargoyle
  2739 | D:10     | Killed a gargoyle
  2739 | D:10     | Reached skill level 1 in Armour
  2827 | D:10     | HP: 1/77 [warg (6)]
  2829 | D:10     | Reached skill level 2 in Dodging
  2904 | D:11     | Noticed a two-headed ogre
  2961 | D:10     | Noticed a deep elf mage
  2963 | D:10     | Noticed a wizard
  2963 | D:10     | Noticed a wizard
  2971 | D:10     | Killed a wizard
  2971 | D:10     | Reached skill level 2 in Armour
  2974 | D:10     | Killed a deep elf mage
  2977 | D:10     | Killed a wizard
  2977 | D:10     | Reached skill level 8 in Fighting
  2977 | D:10     | Reached skill level 3 in Dodging
  2983 | D:10     | Identified the Papyrus of Dhcmrlchtdj
  2990 | D:10     | Identified the Grimoire of Axaxaxas mlö
  3003 | D:10     | Identified Ts'ui Pên's Incunabulum of Forking Paths
  3009 | D:10     | Noticed a deep elf mage
  3021 | D:10     | Noticed a rust devil
  3024 | D:10     | Killed a deep elf mage
  3024 | D:10     | Reached skill level 3 in Armour
  3099 | D:10     | Found a staircase to the Orcish Mines.
  3104 | Orc:1    | Entered Level 1 of the Orcish Mines
  3115 | Orc:1    | Noticed an orc sorcerer
  3126 | Orc:1    | Killed an orc sorcerer
  3175 | Orc:1    | Reached XP level 11. HP: 30/85 MP: 7/12
  3224 | Orc:1    | Reached skill level 12 in Unarmed Combat
  3305 | Orc:1    | Noticed an orc sorcerer
  3309 | Orc:1    | Cast into level 2 of the Abyss (chaos spawn)
  3351 | Abyss:2  | Noticed a necromancer
  3376 | Abyss:2  | Noticed a bone dragon
  3403 | Abyss:2  | Slain by a bone dragon

Illustrated notes

Levels and vault maps discovered:
D:1:      saegor_arrival_simple_c, layout_basic
D:2:      layout_loops_corners, grunt_temple_overflow_open,
          chequers_ecumenical_altar_simple, kennysheep_path_1
D:3:      layout_rooms, kennysheep_slug_shrine
D:4:      minmay_door_path, layout_loops_ring, minmay_temple_entry_stoned_glass
D:5:      layout_cave_pods, uniq_eustachio
D:6:      cheibrodos_two_vegetables, layout_loops_ring,
          overflow_temple_1_default, minivault_1, chequers_jeans,
          uniq_blork_the_orc
D:7:      layout_basic, uniq_harold
D:8:      layout_loops_cross, kennysheep_little_box
D:9:      minmay_cornered_nines, layout_basic, basic_altar, serial_shops, shop,
          laboratory
D:10:     layout_basic, orc_0_dummy, basic_altar, bh_hangedman_babel_library
D:11:     layout_rooms, erik_lair_orcish_takeover, basic_altar,
          gammafunk_ghost_smash, st_stairs_6, minivault_22
Orc:1:    layout_caves
Abyss:2:  base: Lair:2, hangedman_abyss_or_decor_slice,
          hangedman_abyss_or_decor_slice

Skill      XL: |  1  2  3  4  5  6  7  8  9 10 11 |
---------------+----------------------------------+-----
Unarmed Combat | 3 4 5 6 8 9 12 11 12 | 12.0
Fighting       | 7 8 |  8.5
Translocations | 4 4 |  4.5
Armour         | 3 |  3.6
Dodging        | 3 |  3.9
Throwing       | |  0.7
Spellcasting   | |  1.5

Action                   |  1- 3 |  4- 6 |  7- 9 | 10-12 || total
-------------------------+-------+-------+-------+-------++-------
Melee: Unarmed           |   116 |   113 |   198 |   131 ||   558
       Punch             |     2 |     4 |     6 |     4 ||    16
       Battleaxe         |       |       |     7 |       ||     7
Throw: Boomerang         |     8 |    25 |    39 |    19 ||    91
       Dart              |       |       |     3 |       ||     3
 Cast: Apportation       |     5 |    12 |     1 |    25 ||    43
Invok: Sacrifice Health  |       |     1 |       |       ||     1
       Draw Out Power    |       |       |       |     6 ||     6
       Sacrifice Skill   |       |       |       |     1 ||     1
Evoke: Wand              |       |     4 |     7 |     4 ||    15
  Use: Scroll            |     3 |     7 |     5 |     1 ||    16
       Potion            |       |       |     2 |       ||     2
 Stab: Invisible         |       |     1 |     1 |       ||     2
Armor: Leather armour    |    22 |       |       |       ||    22
       Ring mail         |       |    34 |    10 |       ||    44
       Chain mail        |       |       |    64 |       ||    64
       Troll leather arm |       |       |       |    24 ||    24
Dodge: Dodged            |    60 |    39 |    41 |    31 ||   171
Block: Other             |       |    25 |    35 |    22 ||    82

Table legend: (Time is in decaauts)
 A = Elapsed time spent in this place.
 B = Non-inter-level travel time spent in this place.
 C = Inter-level travel time spent in this place.
 D = Time resting spent in this place.
 E = Time spent auto-exploring this place.
 F = Levels seen in this place.
 G = Mean time per level.
                   A        B        C        D        E       F      G
               +--------+--------+--------+--------+--------+-----+--------+
         Total |   3816 |   3783 |     33 |      0 |      0 |  13 |  293.5 |
       Dungeon |   3524 |   3491 |     33 |      0 |      0 |  11 |  320.4 |
  Orcish Mines |    199 |    199 |      0 |      0 |      0 |   1 |  199.0 |
         Abyss |     92 |     92 |      0 |      0 |      0 |   1 |   92.0 |
               +--------+--------+--------+--------+--------+-----+--------+

Top non-repeatable levels by time:
    D:10: 903 daAuts
     D:2: 580 daAuts
     D:9: 451 daAuts
     D:7: 391 daAuts
     D:3: 356 daAuts
     D:6: 323 daAuts
     D:5: 221 daAuts
   Orc:1: 199 daAuts
     D:8: 136 daAuts
     D:1: 113 daAuts
 Abyss:2: 92 daAuts
    D:11: 24 daAuts
     D:4: 22 daAuts
